 Dungeon Crawl Stone Soup version 0.31.0-4-g52a2dc7128 (console) character file.

Game seed: 3285590358317718691

4445 AlterAsc the Mimic (level 10, -4/72 HPs)
             Began as an Octopode Shapeshifter on Jan 21, 2024.
             Was a Follower of Okawaru.
             Slain by an orc warrior
             ... wielding a +1 vampiric war axe
              (20 damage)
             ... on level 8 of the Dungeon.
             The game lasted 00:33:01 (11289 turns).

AlterAsc the Mimic (Octopode Shapeshifter)         Turns: 11289, Time: 00:33:02

Health: -4/72      AC: -7    Str: 13    XL:     10   Next: 37%
Magic:  11/11      EV: 19    Int: 13    God:    Okawaru [*.....]
Gold:   663        SH:  0    Dex: 16    Spells: 9/9 levels left

rFire   . . .        l - melded +4 dagger (speed)
rCold   . . .        (shield currently unavailable)
rNeg    + . .        (helmet restricted)
rPois   +            (no amulet)
rElec   .            F - ring of positive energy
rCorr   .            M - ring of poison resistance
SInv    .            (no ring)
Will    .....        (no ring)
Stlth   +            (no ring)
HPRegen 0.32/turn    (no ring)
MPRegen 0.12/turn    (no ring)
                     (no ring)

%: no passive effects
@: about to teleport, flux-form, corroded, glowing
A: glow, contaminating, almost no armour, amphibious, 8 rings, camouflage 1,
gelatinous body 1, (nimble swimmer 1), tentacles
a: Begin Untransformation, Renounce Religion, Heroism


You were on level 8 of the Dungeon.
You worshipped Okawaru.
Okawaru was aware of your devotion.
You were something dangerously unstable.
You visited 2 branches of the dungeon, and saw 10 of its levels.
You also visited: Ossuary.

You collected 718 gold pieces.
You spent 55 gold pieces at shops.

Inventory:

Hand Weapons
 d - a +0 dagger of distortion
 l - a +4 dagger of speed (melded)
 p - a +0 halberd
Missiles
 h - 79 stones
 i - 2 throwing nets
 k - 7 boomerangs
 m - 25 poisoned darts
 s - 6 atropa-tipped darts (quivered)
 x - 2 javelins
 O - a curare-tipped dart
Jewellery
 F - a ring of positive energy (left tentacle)
 M - a ring of poison resistance (right tentacle)
Talismans
 b - a beast talisman
 c - a flux talisman (active)
Wands
 u - a wand of mindburst (45)
 D - a wand of paralysis (11)
 K - a wand of iceblast (1)
Scrolls
 g - 2 scrolls of teleportation
 j - 2 scrolls of amnesia
 o - a scroll of immolation {unknown}
 q - 6 scrolls of enchant weapon
 r - a scroll of silence {unknown}
 t - 2 scrolls of vulnerability {unknown}
 w - 2 scrolls of enchant armour {unknown}
 y - a scroll of butterflies {unknown}
 A - 2 scrolls of blinking {unknown}
 G - 2 scrolls of poison {unknown}
 I - a scroll of fear {unknown}
 J - a scroll of identify
Potions
 a - 2 potions of lignification
 e - 2 potions of degeneration {unknown}
 f - a potion of ambrosia
 n - 3 potions of resistance
 v - 2 potions of brilliance
 z - 2 potions of magic
 B - a potion of might {unknown}
 C - 2 potions of enlightenment {unknown}
 E - 3 potions of mutation
 H - a potion of curing
 L - 2 potions of heal wounds {unknown}
 N - a potion of haste


   Skills:
 * Level 7.6 Fighting
 + Level 5.4 Dodging
 * Level 8.3 Unarmed Combat
 + Level 1.6 Invocations
 + Level 8.5 Shapeshifting


You had 9 spell levels left.
You didn't know any spells.
Your spell library contained the following spells:

 Spells                   Type           Power      Damage    Failure   Level
 Sandblast                Erth           0%         2d4       30%         1
 Blink                    Tloc           0%         N/A       43%         2
 Lesser Beckoning         Tloc           0%         N/A       43%         2
 Momentum Strike          Conj/Tloc      0%         3d8       43%         2
 Hailstorm                Conj/Ice       0%         3d5       67%         3
 Passwall                 Erth           0%         N/A       67%         3
 Stone Arrow              Conj/Erth      0%         3d7       67%         3
 Brom's Barrelling Bould  Conj/Erth      0%         2d3       97%         4
 Summon Ice Beast         Ice/Summ       Unusable   N/A       N/A         3
 Sculpt Simulacrum        Ice/Alch       Unusable   N/A       N/A         6

Dungeon Overview and Level Annotations

Branches:
Dungeon (9/15)             Temple (1/1) D:7            Lair (0/5) D:8
    Orc (0/2) D:9         Ossuary (visited)

Altars:
Dithmenos
Elyvilon
Fedhas
Gozag
Hepliaklqana
Nemelex Xobeh
Okawaru
Ru
Sif Muna

Shops:
D:2 !   D:4 ?   D:7 *

Annotations:
D:3 1 runed translucent door, Crazy Yiuf
D:5 Sigmund
D:8 2 transporters, popper's ghost, novice MiBe


Innate Abilities, Weirdness & Mutations

You are something dangerously unstable.
You glow with magical radiation, making you easy to see and hit.
Foes you strike become dangerously contaminated with magical radiation.
You are incapable of wielding weapons or throwing items.
You cannot wear most types of armour.
You are amphibious.
You can wear up to eight rings at the same time.
Your skin changes colour to match your surroundings (Stealth+).
Your rubbery body absorbs attacks. (AC +1, EV +1)
((You are camouflaged when in or above water. (Stealth+)))
You have tentacles for arms and can constrict up to eight enemies at once.


Message History

The howler monkey is heavily wounded.
You constrict the howler monkey.
You feel sick. The howler monkey barely misses you.
You tentacle-slap the howler monkey.
The howler monkey shudders as magic cascades through it!!
You kill the howler monkey!
Okawaru accepts your kill.
You feel sick.
Found 6 stones.
You feel sick.
You start resting.
You feel sick. x3
A yak comes into view.
You feel sick.
You are no longer poisoned.
The yak bellows!
There is a stone staircase leading up here.
You climb upwards.
The rust devil screeches!
The orc warrior shouts! x2
The rust devil closely misses you.
The orc warrior misses you. x2; The rust devil completely misses you.
The orc warrior misses you.
Found a halberd, a flail, a +0 morningstar and a hand axe.
There is a stone staircase leading down here.
There are monsters nearby!
Okay, then.
The rust devil hits you! The rust devil corrodes you!
The orc warrior closely misses you. x2
You climb downwards.
Level annotation: 2 transporters, popper's ghost, novice MiBe The yak closely misses you.
There is a stone staircase leading up here.
Unknown command.
As you read the scroll of teleportation, it crumbles to dust.
You feel strangely unstable. The yak completely misses you.
The orc warrior misses you. The rust devil closely misses you.
The orc warrior hits you with the +4 scimitar of Moral Flaws {pain, Will+ Dex+3}!!
* * * LOW HITPOINT WARNING * * *
You writhe in agony.
* * * LOW HITPOINT WARNING * * *
You feel better. The yak misses you. The rust devil hits you.
* * * LOW HITPOINT WARNING * * *
The rust devil corrodes you! The orc warrior completely misses you.
The orc warrior hits you with a +1 vampiric war axe!!
You die...

##.......#.## .. ##.#.#..#
###...........#### .#
##........
..+.........+..#.##.#
#.........
###.........##......#
...........
##.[.....####..##(##.##.##.##J.
##.....## #...###..##. #....o
##...## #....#..# .#####J.
##'## ##......# #..PJ.... #.#
#Y.....# ...PP...# ###.####
#oY..#.##........P #......#
#p#.##.#.PP.PPPP.P
###....#.#####4o....#.PPP..PPPP
##.............##.###...PPPPP
PP
##.................###..P.PP..
.....#########...####.PPFPP.PP
....##.....Wc##..# #...P..PP.
.#..#8.....Fu8#..#


#SPPP.PP.P .<..#.?....?.g#..# #..P.PPPhP .#..#).......F#..## #P.PP.PPP.
...©#g...©....#©..# #P.P.P..PP ##..#Wu.F.....#...# #..PPPP..P You could see a
green ugly thing, a centaur warrior, a rust devil, 2 yaks, 2 orc warriors, a
gnoll sergeant and a bullfrog.

Vanquished Creatures
  Maggie (D:7)
  A hornet (D:8)
  A wyvern (D:8)
  A vampire (D:9)
  A wraith (D:9)
  A steam dragon (D:7)
  Eustachio (D:4)
  Menkaure (D:4)
  A water moccasin (D:9)
  Duvessa (D:6)
  Pargi (D:3)
  An ice beast (D:6)
  A black bear (D:6)
  An orc warrior (D:8)
  4 centaurs
  A phantom (D:7)
  Blork the orc (D:5)
  3 kobold brigands
  3 bullfrogs
  4 scorpions
  A burial acolyte (Ossuary)
  2 wights (Ossuary)
  Dowan (D:6)
  A killer bee (D:8)
  2 howler monkeys (D:8)
  4 bombardier beetles
  3 hounds
  A gnoll bouda (D:9)
  A jelly (D:6)
  4 orc priests
  A sleepcap (D:4)
  Natasha (twice) (D:3)
  Ijyb (D:5)
  4 iguanas
  9 orc wizards
  2 mummies
  7 adders
  11 gnolls
  A white imp (D:7)
  2 dart slugs
  4 ribbon worms
  24 orcs
  3 ball pythons
  9 endoplasms
  A giant cockroach (D:3)
  10 goblins
  6 hobgoblins
  22 kobolds
  6 bats
  4 frilled lizards
  7 gnoll skeletons (Ossuary)
  A hobgoblin zombie (D:6)
  5 kobold skeletons (Ossuary)
  8 orc skeletons (Ossuary)
  An orc zombie (D:6)
  4 rats
205 creatures vanquished.

Vanquished Creatures (others)
  An orc (D:7)
1 creature vanquished.

Grand Total: 206 creatures vanquished

Notes
Turn   | Place    | Note
-------+----------+-------------------------------------------
     0 | D:1      | AlterAsc the Octopode Shapeshifter began the quest for the
                  | Orb.
     0 | D:1      | Reached XP level 1. HP: 13/13 MP: 1/1
   104 | D:1      | Reached XP level 2. HP: 18/18 MP: 2/2
   665 | D:1      | Reached XP level 3. HP: 23/23 MP: 3/3
   879 | D:2      | Found Bacuc's Distillery.
  1277 | D:2      | Found a faded altar of an unknown god.
  1441 | D:2      | Reached XP level 4. HP: 15/28 MP: 4/4
  2287 | D:3      | Reached skill level 5 in Shapeshifting
  2442 | D:3      | You fall into a shaft and drop 2 floors!
  2442 | D:5      | Entered Level 5 of the Dungeon
  2467 | D:4      | Reached XP level 5. HP: 23/33 MP: 5/5
  2728 | D:4      | Noticed Eustachio
  2746 | D:4      | Reached XP level 6. HP: 38/38 MP: 6/6
  2907 | D:3      | Noticed Pargi
  2948 | D:3      | Killed Pargi
  3003 | D:3      | Found a runed translucent door.
  3004 | D:3      | Noticed Crazy Yiuf
  3355 | D:4      | Noticed Menkaure
  3413 | D:4      | Noticed Natasha
  3422 | D:3      | Killed Natasha
  4336 | D:3      | Noticed Natasha
  4342 | D:3      | Killed Natasha
  4515 | D:4      | Reached XP level 7. HP: 22/43 MP: 7/7
  5017 | D:4      | Killed Menkaure
  5191 | D:4      | Found Ettelegu's Magic Scroll Shoppe.
  5200 | D:4      | Bought a scroll of teleportation for 33 gold pieces
  5200 | D:4      | Bought a scroll of identify for 22 gold pieces
  5206 | D:4      | Noticed a shadow
  5207 | D:4      | Found a shadowy altar of Dithmenos.
  5208 | D:4      | Found a hazy altar of Hepliaklqana.
  5438 | D:4      | Killed Eustachio
  5439 | D:4      | Reached XP level 8. HP: 52/52 MP: 8/8
  6002 | D:5      | Noticed Ijyb
  6008 | D:5      | Killed Ijyb
  6009 | D:5      | Reached skill level 5 in Unarmed Combat
  6074 | D:5      | Noticed Sigmund
  6125 | D:5      | Noticed Blork the orc
  6131 | D:5      | Killed Blork the orc
  7003 | D:6      | Reached skill level 5 in Fighting
  7003 | D:6      | Reached XP level 9. HP: 61/61 MP: 9/9
  7128 | D:6      | Noticed Duvessa
  7176 | D:6      | Found a sand-covered staircase.
  7185 | Ossuary  | Entered an ossuary
  8019 | D:6      | Noticed Dowan
  8027 | D:6      | Killed Duvessa
  8032 | D:6      | Killed Dowan
  8118 | D:7      | Noticed a rust devil
  8158 | D:7      | Found a sacrificial altar of Ru.
  8246 | D:7      | Identified the +4 scimitar of Moral Flaws {pain, Will+
                  | Dex+3}
  8251 | D:7      | Noticed a rust devil
  8628 | D:7      | Found Oloallog's Fire Supplies.
  8807 | D:7      | Found a staircase to the Ecumenical Temple.
  8820 | Temple   | Entered the Ecumenical Temple
  8844 | Temple   | Became a worshipper of Warmaster Okawaru
  8915 | D:7      | Noticed Maggie
  8929 | D:7      | Killed Maggie
  9132 | D:8      | Found a transporter.
  9143 | D:8      | Noticed a green ugly thing
  9145 | D:8      | Noticed a centaur warrior
  9146 | D:8      | Noticed popper's ghost (novice MiBe)
  9338 | D:8      | Found a staircase to the Lair.
  9515 | D:9      | Found a staircase to the Orcish Mines.
  9678 | D:9      | Reached skill level 5 in Dodging
  9678 | D:9      | Reached XP level 10. HP: 45/71 MP: 10/10
 10275 | D:9      | Reached * piety under Okawaru
 10841 | D:8      | Reached skill level 1 in Invocations
 11066 | D:8      | Paralysed by a hornet for 1 turns
 11222 | D:8      | Found a transporter.
 11289 | D:8      | Slain by an orc warrior

Illustrated notes

Levels and vault maps discovered:
D:1:      amcnicky_arrival_underground_garden, layout_basic
D:2:      layout_loops_corners, serial_shops, shop, basic_ecumenical_altar
D:3:      layout_loops_corners, uniq_pargi, uniq_crazy_yiuf_cottage
D:4:      layout_rooms, riverfiend_overflow_shadow_ancestor, serial_shops, shop,
          uniq_menkaure, uniq_eustachio, uniq_natasha
D:5:      layout_cave_pods, lightli_temple_of_fire,
          nicolae_twisty_statue_hallways, uniq_ijyb, uniq_sigmund,
          uniq_blork_the_orc
D:6:      layout_basic, nicolae_ossuary_entry_giza, uniq_duvessa
D:7:      cheibrodos_iron_armory, layout_rooms, old_standard_altar,
          temple_green, nicolae_shop_fire_sale [nicolae_sub_dead_trees],
          uniq_maggie
D:8:      layout_loops_corners, minitemple, due_lair_maze_entry_diamond,
          gammafunk_ghost_arena, minmay_misc_feat_rugged,
          minmay_fractal_squares_gapless_5
D:9:      layout_roguey, orc_0_dummy, nicolae_nh_ransacked_shop
Temple:   hellmonk_temple_micro_hex

Skill      XL: |  1  2  3  4  5  6  7  8  9 10 |
---------------+-------------------------------+-----
Shapeshifting  | 4 5 6 7 8 |  8.5
Fighting       | 3 5 7 |  7.6
Unarmed Combat | 4 5 7 8 |  8.3
Dodging        | 3 5 |  5.4
Invocations    | 1 |  1.6

Action                     |  1- 3 |  4- 6 |  7- 9 | 10-12 || total
---------------------------+-------+-------+-------+-------++-------
  Melee: Unarmed           |    53 |    26 |   312 |    88 ||   479
         Constrict         |    12 |    15 |    89 |    23 ||   139
         Tentacles         |    10 |    13 |   110 |    24 ||   157
         Punch             |     1 |     2 |       |       ||     3
         Dagger            |       |    72 |     3 |       ||    75
  Throw: Stone             |     3 |       |       |       ||     3
    Use: Potion            |       |     1 |     3 |     1 ||     5
         Scroll            |       |       |    11 |     1 ||    12
   Stab: Sleeping          |     3 |     6 |     1 |       ||    10
 Armour: Skin              |    20 |    69 |   114 |    40 ||   243
  Dodge: Dodged            |    21 |    29 |   203 |    79 ||   332
   Form: Flux              |       |       |     1 |       ||     1
